 Dungeon Crawl Stone Soup version 0.22.0-75-g3901e79 (webtiles) character file.

1270 Fang the Chopper (level 8, -5/50 HPs)
             Began as a Gargoyle Berserker on Sept 13, 2018.
             Was a Priest of Trog.
             Slain by a worker ant (6 damage)
             ... on level 6 of the Dungeon.
             The game lasted 00:06:19 (5235 turns).

Fang the Chopper (Gargoyle Berserker)               Turns: 5235, Time: 00:06:20

Health: -5/50      AC: 12    Str: 23    XL:     8   Next: 53%
Magic:  8/8        EV: 13    Int:  8    God:    Trog [***...]
Gold:   218        SH:  0    Dex:  9    Spells: 7/7 levels left

rFire    . . .     SeeInvis .   a - +2 hand axe
rCold    . . .     Gourm    .   (no shield)
rNeg     + . .     Faith    .   b - +2 animal skin
rPois    ∞         Spirit   .   (helmet restricted)
rElec    +         Reflect  .   (no cloak)
rCorr    .         Harm     .   (no gloves)
MR       .....                  (no boots)
Stlth    ++........             (no amulet)
HPRegen  0.16/turn              (no ring)
MPRegen  0.11/turn              (no ring)

@: berserk cooldown, slowed, very slow
A: antennae 1, molten scales 1, negative energy resistance 1, shaggy fur 1,
electricity resistance, unbreathing, petrification resistance, rot immunity, AC
+5
a: Berserk, Trog's Hand, Renounce Religion


You were on level 6 of the Dungeon.
You worshipped Trog.
Trog was most pleased with you.
You were not hungry.

You visited 1 branch of the dungeon, and saw 6 of its levels.

You collected 218 gold pieces.

Inventory:

Hand Weapons
 a - a +2 hand axe (weapon)
Missiles
 m - 6 javelins (quivered)
Armour
 b - a +2 animal skin (worn)
Wands
 i - a wand of paralysis (15)
Scrolls
 f - a scroll of blinking {unknown}
 g - a scroll of remove curse
 k - a scroll of fog
Potions
 d - a potion of heal wounds
 e - 2 potions of agility
 h - a potion of brilliance {unknown}
 j - a potion of haste
 n - a potion of cancellation {unknown}
 p - a potion of berserk rage {unknown}
 q - a potion of curing {unknown}
 r - a potion of ambrosia
 s - a potion of lignification {unknown}
Comestibles
 c - 10 rations


   Skills:
 + Level 5.6 Fighting
 + Level 6.9 Axes
 + Level 2.6 Armour
 + Level 4.6 Dodging
 + Level 2.4 Stealth


You had 7 spell levels left.
You didn't know any spells.
Your spell library was empty.

Dungeon Overview and Level Annotations

Branches:
Dungeon (6/15)             Temple (0/1) D:6

Altars:
Dithmenos
Gozag
Trog
Wu Jian
The Shining One

Shops:
D:5 *


Innate Abilities, Weirdness & Mutations

You are resistant to torment.
Your stone body is resilient. (AC +5)
You are immune to poison.
You resist negative energy. (rN+)
You are resistant to electric shocks. (rElec)
You can survive without breathing.
You are immune to petrification.
You are immune to rotting.
You have a pair of small antennae on your head.
You are partially covered in molten scales. (AC +2)
You are covered in fur. (AC +1)


Message History

You destroy the leopard gecko zombie!
Trog accepts your kill. The worker ant barely misses you.
The orc priest hits you but does no damage.
The worker ant bites you.
* * * LOW HITPOINT WARNING * * *
The orc priest hits you but does no damage.
Unknown command.
You closely miss the orc priest.
The orc priest is severely wounded.
You hit the worker ant but do no damage.
The worker ant completely misses you.
An ice beast comes into view.
The worker ant bites you but does no damage.
The orc priest misses you.
Unknown command.
You hit the orc priest.
The orc priest is almost dead.
You hit the worker ant. The worker ant bites you.
You die...

#..## #...# #
# #.⌠.# ..
..###...####.#
#...........#
#.⌠..>..⌠...#
#....)......#
#.)a# #.o@#
#...# #..F.
##.#.# #. ..
#. ### #Y ..
..


You could see an ice beast, a bullfrog, a worker ant and an orc priest.

Vanquished Creatures
  Grinder (D:5)
  Sigmund (D:2)
  Menkaure (D:4)
  2 water moccasins (D:5)
  2 ice beasts
  A scorpion (D:2)
  A crimson imp (D:5)
  An orc priest (D:6)
  An orc wizard (D:6)
  A worker ant (D:6)
  A howler monkey zombie (D:5)
  4 gnolls (D:6)
  8 adders
  2 oozes
  An adder skeleton (D:4)
  A worm (D:2)
  2 dart slugs
  7 leopard geckos
  7 orcs
  2 ball pythons (D:5)
  5 bats
  2 giant cockroaches
  5 goblins
  5 hobgoblins
  4 jackals (D:3)
  3 quokkas
  4 frilled lizards
  10 kobolds
  A leopard gecko zombie (D:6)
  6 rats
92 creatures vanquished.

Notes
Turn   | Place    | Note
-------+----------+-------------------------------------------
     0 | D:1      | Fang the Gargoyle Berserker began the quest for the Orb.
     0 | D:1      | Reached XP level 1. HP: 14/14 MP: 1/1
     1 | D:1      | Noticed an electric eel
   265 | D:1      | Reached XP level 2. HP: 11/19 MP: 2/2
   496 | D:2      | Reached skill level 3 in Axes
   518 | D:2      | Reached XP level 3. HP: 21/24 MP: 3/3
   540 | D:2      | Found an ornate altar of the Wu Jian Council.
   778 | D:2      | Found an opulent altar of Gozag.
   871 | D:2      | Reached ** piety under Trog
   884 | D:2      | Found a glowing golden altar of the Shining One.
  1028 | D:2      | Noticed Sigmund
  1039 | D:2      | Killed Sigmund
  1039 | D:2      | Reached skill level 4 in Axes
  1039 | D:2      | Reached XP level 4. HP: 29/29 MP: 4/4
  1039 | D:2      | Reached XP level 5. HP: 33/33 MP: 5/5
  1125 | D:2      | Reached XP level 6. HP: 38/38 MP: 6/6
  2518 | D:3      | Found a bloodstained altar of Trog.
  2755 | D:4      | Noticed Menkaure
  2762 | D:4      | Killed Menkaure
  2762 | D:4      | Reached skill level 5 in Axes
  2762 | D:4      | Reached skill level 1 in Stealth
  2762 | D:4      | Reached XP level 7. HP: 44/44 MP: 7/7
  3732 | D:5      | Entered Level 5 of the Dungeon
  3755 | D:5      | Noticed Grinder
  3761 | D:5      | Paralysed by Grinder for 5 turns
  3773 | D:5      | Paralysed by Grinder for 6 turns
  3790 | D:5      | Killed Grinder
  3790 | D:5      | Reached skill level 5 in Fighting
  3790 | D:5      | Reached skill level 6 in Axes
  3953 | D:5      | Gained mutation: You are frail. (-10% HP) [potion of
                  | mutation]
  3953 | D:5      | Gained mutation: You are dopey. (Int -2) [potion of
                  | mutation]
  3953 | D:5      | Gained mutation: You are resistant to hostile enchantments.
                  | (MR+) [potion of mutation]
  3953 | D:5      | Gained mutation: You expend magic power (3 MP) to
                  | strengthen your wands. [potion of mutation]
  3954 | D:5      | Lost mutation: You are resistant to hostile enchantments.
                  | (MR+) [potion of mutation]
  3954 | D:5      | Lost mutation: You expend magic power (3 MP) to strengthen
                  | your wands. [potion of mutation]
  3954 | D:5      | Lost mutation: You are frail. (-10% HP) [potion of
                  | mutation]
  3954 | D:5      | Lost mutation: You are dopey. (Int -2) [potion of mutation]
  3954 | D:5      | Gained mutation: You are frail. (-10% HP) [potion of
                  | mutation]
  3954 | D:5      | Gained mutation: You have a pair of small antennae on your
                  | head. [potion of mutation]
  3954 | D:5      | Gained mutation: You are resistant to hostile enchantments.
                  | (MR+) [potion of mutation]
  3955 | D:5      | Lost mutation: You are frail. (-10% HP) [potion of
                  | mutation]
  3955 | D:5      | Lost mutation: You are resistant to hostile enchantments.
                  | (MR+) [potion of mutation]
  3955 | D:5      | Gained mutation: You are covered in fur. (AC +1) [potion of
                  | mutation]
  3955 | D:5      | Gained mutation: You are partially covered in molten
                  | scales. (AC +2) [potion of mutation]
  4300 | D:5      | Found Gan Piagg's Serpentskin Sales.
  4317 | D:5      | Reached XP level 8. HP: 35/49 MP: 8/8
  4535 | D:5      | Found a shadowy altar of Dithmenos.
  4570 | D:5      | Reached *** piety under Trog
  5223 | D:6      | HP: 2/50 [ogre/giant spiked club (8)]
  5225 | D:6      | Found a staircase to the Ecumenical Temple.
  5233 | D:6      | HP: 1/50 [worker ant (3)]
  5235 | D:6      | Slain by a worker ant

Skill      XL: |  1  2  3  4  5  6  7 |
---------------+----------------------+-----
Axes           | 3 4 5 6 |  6.9
Dodging        | 2 3 4 |  4.6
Fighting       | 4 5 |  5.6
Stealth        | 1 2 |  2.4
Armour         | |  2.6

Action                   |  1- 3 |  4- 6 |  7- 9 || total
-------------------------+-------+-------+-------++-------
Melee: Hand axe          |   100 |   122 |   170 ||   392
Invok: Berserk           |     1 |     2 |     4 ||     7
  Use: Scroll            |       |       |    15 ||    15
       Potion            |       |       |     6 ||     6
 Stab: Sleeping          |       |     1 |       ||     1
  Eat: Chunk             |       |     7 |     3 ||    10
       Ration            |       |       |     3 ||     3
Armor: Animal skin       |    34 |    39 |    88 ||   161
Dodge: Dodged            |    67 |    84 |   158 ||   309
